 Dungeon Crawl Stone Soup version 0.28.0-43-g3370ac3207 (webtiles) character file.

Game seed: 305103830253492120

36 tizbic2 the Gusty (level 3, 0/28 HPs)
             Began as a Demigod Air Elementalist on Mar 18, 2022.
             Slain by a hobgoblin (3 damage)
             ... on level 2 of the Dungeon.
             The game lasted 00:08:20 (1618 turns).

tizbic2 the Gusty (Demigod Air Elementalist)        Turns: 1618, Time: 00:08:21

Health: 0/28       AC:  3    Str: 13    XL:     3   Next: 5%
Magic:  0/8        EV: 11    Int: 17    God:
Gold:   83         SH:  0    Dex: 14    Spells: 0/6 levels left

rFire   . . .      SeeInvis .   k - +0 dagger
rCold   . . .      Faith    .   (no shield)
rNeg    . . .      Spirit   .   d - +0 leather armour
rPois   .          Reflect  .   (no helmet)
rElec   .          Harm     .   (no cloak)
rCorr   .          Rampage  .   (no gloves)
Will    .....                   (no boots)
Stlth   ++........              (no amulet)
HPRegen 0.09/turn               (no ring)
MPRegen 0.11/turn               (no ring)

@: no status effects
A: high MP 1, forlorn, divine attributes
a: no special abilities


You were on level 2 of the Dungeon.
You visited 1 branch of the dungeon, and saw 2 of its levels.

You collected 83 gold pieces.

Inventory:

Hand Weapons
 e - a +0 short sword
 k - a +0 dagger (weapon)
Missiles
 b - 94 stones (quivered)
Armour
 a - a +0 robe
 d - a +0 leather armour (worn)
Scrolls
 f - a scroll of identify {unknown}
 i - a scroll of torment {unknown}
Potions
 c - a potion of haste {unknown}
 g - a potion of degeneration {unknown}
 h - a potion of heal wounds {unknown}
 j - a potion of might {unknown}


   Skills:
 + Level 1.0 Fighting
 - Level 1.7 Dodging
 - Level 1.7 Stealth
 + Level 2.1 Spellcasting
 + Level 1.3 Conjurations
 * Level 3.2 Air Magic


You couldn't memorise any spells.
You knew the following spells:

 Your Spells              Type           Power      Damage    Failure   Level
a - Shock                 Conj/Air       36%        1d5       10%         1
b - Static Discharge      Conj/Air       9%         N/A       14%         2
c - Mephitic Cloud        Conj/Pois/Air  7%         N/A       36%         3

Your spell library contained the following spells:

 Spells                   Type           Power      Damage    Failure   Level
 Swiftness                Air            12%        N/A       19%         3
 Airstrike                Air            6%         N/A       54%         4
 Ignite Poison            Fire/Tmut/Pois 1%         N/A       58%         3
 Freezing Cloud           Conj/Ice/Air   3%         6-21      98%         5


Dungeon Overview and Level Annotations

Branches:
Dungeon (2/15)


Innate Abilities, Weirdness & Mutations

You have an increased reservoir of magic. (+10% MP)
You shall have no god before yourself.
Your divine heritage dramatically boosts your attributes as you level up.


Message History

Aiming: Shock (safe; 10% risk of failure)
Press: ? - help, Shift-Dir - straight line The zap hits the adder.
The adder is almost dead.
The hobgoblin hits you. The adder closely misses you.
You closely miss the adder.
The adder is almost dead.
The hobgoblin hits you but does no damage.
The adder barely misses you.
You hit the adder but do no damage.
The adder is severely wounded.
The adder bites you.
You are poisoned.
The adder poisons you! The hobgoblin hits you. The adder barely misses you.
You miss the adder. Your punch misses the adder.
The adder is severely wounded.
You feel sick. The hobgoblin hits you. The adder misses you.
You barely miss the adder.
The adder is severely wounded.
You feel sick. The hobgoblin barely misses you. The adder bites you.
* * * LOW HITPOINT WARNING * * *
You hit the adder.
The adder is almost dead.
You feel sick. The adder barely misses you. The hobgoblin closely misses you.
The adder barely misses you.
Your magical contamination has completely faded away.
You miss the adder.
The adder is almost dead.
You feel sick.
You are no longer poisoned.
The hobgoblin hits you.
* * * LOW HITPOINT WARNING * * *
The adder bites you.
* * * LOW HITPOINT WARNING * * *
Casting: Shock (safe; 10% risk of failure)
Confirm with . or Enter, or press ? or * to list all spells.
Aiming: Shock (safe; 10% risk of failure)
Press: ? - help, Shift-Dir - straight line The zap misses the adder.
The hobgoblin hits you.
You die...

#####.###....### #.
#.....†.#....# ###.
#.......#>...####...
#.......#....##.....
####.................#.
#......................
#..........#.......####
#....g..........##.....
#....S@###.####...####.
#...#### .# ###.## ##
#...# .# #..# #...#
##.# #...# #.#
....)...# #.##
.....##.. #..# .....
..## ###.### ..... ###
#.....#


You could see an adder and a hobgoblin.

Vanquished Creatures
  A dart slug (D:1)
  3 bats
  4 endoplasms
  3 giant cockroaches
  5 goblins
  4 kobolds
  A quokka (D:1)
  8 ball pythons
  4 rats
33 creatures vanquished.

Notes
Turn   | Place    | Note
-------+----------+-------------------------------------------
     0 | D:1      | tizbic2 the Demigod Air Elementalist began the quest for
                  | the Orb.
     0 | D:1      | Reached XP level 1. HP: 14/14 MP: 5/5
   105 | D:1      | Reached skill level 1 in Conjurations
   569 | D:1      | Reached skill level 3 in Air Magic
   569 | D:1      | Reached XP level 2. HP: 22/22 MP: 5/7
  1398 | D:2      | Learned a level 2 spell: Static Discharge
  1526 | D:2      | Reached XP level 3. HP: 27/27 MP: 6/8
  1530 | D:2      | Learned a level 3 spell: Mephitic Cloud
  1581 | D:2      | Reached skill level 1 in Fighting
  1618 | D:2      | Slain by a hobgoblin

Illustrated notes

Levels and vault maps discovered:
D:1:      co_arrival_random_square_maze, layout_basic
D:2:      layout_rooms, minmay_splitting_lines

Skill      XL: |  1  2  3 |
---------------+----------+-----
Conjurations   | 1 |  1.3
Air Magic      | 3 |  3.2
Spellcasting   | 2 |  2.1
Fighting       | 1 |  1.0
Dodging        | |  1.7
Stealth        | |  1.7

Action                   || total
-------------------------++-------
Melee: Club              ||     5
       Short sword       ||    45
       Dagger            ||     6
Throw: Stone             ||    36
 Cast: Shock             ||    47
Armor: Robe              ||     4
       Leather armour    ||    26
Dodge: Dodged            ||    65
